 Dungeon Crawl Stone Soup version 0.18.1-6-gd335043 (webtiles) character file.

12516 epen the Slicer (level 11, 0/124 HPs)
             Began as a Demonspawn Assassin on May 19, 2016.
             Was a Priest of Dithmenos.
             Slain by a spiny frog (4 damage)
             ... on level 1 of the Lair of Beasts.
             The game lasted 00:50:04 (19697 turns).

epen the Slicer (Demonspawn Assassin)              Turns: 19697, Time: 00:50:05

Health: 0/124      AC:  9    Str: 20    XL:     11   Next: 63%
Magic:  11/11      EV: 19    Int: 12    God:    Dithmenos [***...]
Gold:   711        SH:  0    Dex: 22    Spells: 0 memorised, 10 levels left

rFire  . . .     SeeInvis .     a - +3 dagger
rCold  + . .     Gourm    .     q - +0 robe of Slovenliness {rPois Dex+4}
rNeg   . . .     Faith    .     (no shield)
rPois  +         Spirit   .     (no helmet)
rElec  .         Dismiss  .     d - +0 cloak
rCorr  .         Reflect  .     H - +1 pair of gloves
SustAt .         Harm     .     (no boots)
MR     .....                    (no amulet)
Stlth  ..........               x - ring of protection from cold
                                J - +3 ring of strength

@: berserking, very slightly contaminated, hasted, wreathed by umbra, very
quick, not resistant to hostile enchantments, extremely unstealthy
A: hooves 2, icy blue scales 2, nightstalker 1
a: Shadow Step, Renounce Religion


You were on level 1 of the Lair of Beasts.
You worshipped Dithmenos.
Dithmenos was most pleased with you.
You were not hungry.

You visited 3 branches of the dungeon, and saw 13 of its levels.

You collected 822 gold pieces.
You spent 111 gold pieces at shops.

Inventory:

Hand Weapons
 a - a +3 dagger (weapon)
 b - a +0 blowgun
Missiles
 e - 63 poisoned needles
 u - a throwing net (quivered)
 G - a curare-tipped needle
Armour
 c - a +0 robe
 d - a +0 cloak (worn)
 q - the +0 robe of Slovenliness (worn) {rPois Dex+4}
   (You found it on level 4 of the Dungeon)

   It affects your dexterity (+4).
   It protects you from poison.
 t - a +1 pair of gloves
 H - a +1 pair of gloves (worn)
 S - a +2 robe of cold resistance
Jewellery
 x - a ring of protection from cold (right hand)
 C - a +4 ring of intelligence
 J - a +3 ring of strength (left hand)
 R - an uncursed ring of ice
Wands
 f - a wand of acid (5/15)
 m - a wand of lightning (0/15)
 B - a wand of digging (17/24)
 I - a wand of lightning (8/15)
 P - a wand of disintegration (11/24)
 Q - a wand of teleportation (7/9)
Scrolls
 i - 2 scrolls of remove curse
 j - 3 scrolls of amnesia
 k - 5 scrolls of identify
 y - a scroll of recharging
 A - 3 scrolls of enchant weapon
 D - a scroll of fog
 F - a scroll of enchant armour
 L - 4 scrolls of magic mapping
 N - 2 scrolls of fear {unknown}
Potions
 h - a potion of might {unknown}
 n - 2 potions of agility {unknown}
 o - a potion of invisibility {unknown}
 p - 2 potions of resistance
 s - a potion of haste
 w - 2 potions of degeneration
 z - a potion of cancellation
 E - 2 potions of mutation
 K - 3 potions of flight
Comestibles
 g - 7 bread rations
 l - 13 fruits
 r - 6 beef jerkies
 v - 2 meat rations


   Skills:
 + Level 6.5 Fighting
 * Level 9.3 Short Blades
 + Level 6.1 Throwing
 + Level 6.0 Armour
 * Level 8.7 Dodging
 + Level 7.5 Stealth


You had 10 spell levels left.
You didn't know any spells.

Dungeon Overview and Level Annotations

Branches:
Dungeon (11/15)            Temple (1/1) D:7            Lair (1/8) D:11
    Orc: D:9-12

Altars:
Ashenzari
Cheibriados
Dithmenos
Elyvilon
Fedhas
Gozag
Kikubaaqudgha
Makhleb
Nemelex Xobeh
Okawaru
Pakellas
Qazlal
Ru
Sif Muna
Trog
Vehumet
Xom
Yredelemnul
Zin
The Shining One
Beogh

Shops:
D:10 ?   D:11 [**

Portals:
Trove: D:10 (show slimy rune of Zot)

Annotations:
D:3 zkyp's ghost, amateur DEAM
D:9 Denapoli's ghost, novice DDFi
D:11 Urug


Innate Abilities, Weirdness & Mutations

You have hoof-like feet.
You are mostly covered in icy blue scales (AC +3, EV -1).
You are slightly more attuned to the shadows.


Message History

The spiny frog stings you!
* * * LOW HITPOINT WARNING * * *
Drink which item? (? for menu, Esc to quit)
You feel better. The spiny frog stings you!
* * * LOW HITPOINT WARNING * * *
Drink which item? (? for menu, Esc to quit)
Okay, then.
Read which item? (? for menu, Esc to quit)
Okay, then.
Evoke which item? (* to show all) (? for menu, Esc to quit)
Okay, then.
Quiver which item? (- for none, * to show all) (? for menu, Esc to quit)
Okay, then.
Drink which item? (? for menu, Esc to quit)
A red film seems to cover your vision as you go berserk!
You feel yourself moving faster!
You feel mighty!
You puncture the spiny frog! You kick the spiny frog.
The spiny frog is severely wounded.
The spiny frog stings you.
You die...

≈≈.P## ##.8..#..###.##.P#..#.###.
†.### #........# #######..## .##
#8...8#.## ##..#### .# #.....#÷#
##.#.#.# .# ##......#### ##
....... ##### ###+###.#..####.
##.#.#.# (....###.....#........#
#.......
.####.#.....#..F#####.#####.#>#.#
...........)#.##@((.....##.......
..8...+...8...'÷..8.......#.#.#.#
......#..........................
#.....#.#.....#..#.#..#..........
.....###.....###.....#...........
...### ###.##.÷.##..#............
#### ##...##.............:.....
#.....#...................
#8.>.8#.#.#######.##.##.P#


You could see a spiny frog.

Vanquished Creatures
  Fannar (Lair:1)
  Pikel (D:7)
  4 hill giants
  An ugly thing (D:11)
  A spiny frog (Lair:1)
  3 komodo dragons (Lair:1)
  3 trolls
  6 orc warriors
  Eustachio (D:5)
  2 hippogriffs
  A hungry ghost (D:8)
  A steam dragon (D:8)
  A soldier ant (D:10)
  A water moccasin (Lair:1)
  Duvessa (D:6)
  4 sky beasts
  3 ice beasts
  3 black bears
  2 eyes of draining
  7 phantoms
  9 ogres
  2 centaurs
  A crocodile (Lair:1)
  2 big kobolds
  7 giant frogs
  A gnoll sergeant (D:8)
  A wyvern zombie (D:10)
  Dowan (D:6)
  4 scorpions
  A water moccasin skeleton (D:7)
  2 killer bees (D:8)
  7 wights
  5 howler monkeys
  4 crimson imps
  2 centaur zombies (D:7)
  A giant frog zombie (D:7)
  A quasit (D:9)
  2 centaur skeletons
  A jelly (D:9)
  An orc priest (D:11)
  A giant frog skeleton (D:9)
  5 hounds
  10 iguanas
  11 orc wizards
  A worker ant (D:10)
  A mummy (D:6)
  4 hound skeletons
  A howler monkey zombie (D:9)
  16 adders
  12 gnolls
  6 river rats (Lair:1)
  A shadow imp (D:10)
  3 oozes
  3 adder zombies
  3 worms (D:3)
  3 dart slugs
  2 giant geckos
  56 orcs
  5 giant cockroaches
  2 goblins
  2 hobgoblins
  4 jackals
  3 quokkas
  2 bats
  3 giant newts (D:2)
  2 jackal skeletons
  15 kobolds
  16 rats
295 creatures vanquished.

Vanquished Creatures (others)
  A black bear (D:7)
  4 slaves (D:7)
  A giant frog (D:7)
  A hound (D:7)
  A jelly (D:7)
  An orc wizard (D:7)
  2 worker ants (D:7)
  A hound zombie (D:7)
  2 orcs
  A quokka (D:7)
  49 fungi (D:11)
  32 plants (D:11)
  4 toadstools (D:1)
100 creatures vanquished.

Grand Total: 395 creatures vanquished

Notes
Turn   | Place    | Note
--------------------------------------------------------------
     0 | D:1      | epen the Demonspawn Assassin began the quest for the Orb.
     0 | D:1      | Reached XP level 1. HP: 16/16 MP: 1/1
   101 | D:1      | Found a sparkling altar of Nemelex Xobeh.
   154 | D:1      | Reached skill level 2 in Short Blades
   154 | D:1      | Reached skill level 1 in Dodging
   188 | D:1      | Gained mutation: You are partially covered in icy blue scales (AC +1). [demonic ancestry]
   188 | D:1      | Reached XP level 2. HP: 14/22 MP: 2/2
  1562 | D:2      | Gained mutation: You are slightly more attuned to the shadows. [demonic ancestry]
  1562 | D:2      | Reached XP level 3. HP: 16/27 MP: 3/3
  2201 | D:3      | Gained mutation: You have large cloven feet. [demonic ancestry]
  2201 | D:3      | Reached XP level 4. HP: 18/33 MP: 4/4
  2293 | D:3      | Found a shimmering altar of Xom.
  2293 | D:3      | Found a stormy altar of Qazlal.
  2294 | D:3      | Found a sparkling altar of Nemelex Xobeh.
  2302 | D:3      | Noticed zkyp's ghost (amateur DEAM)
  2697 | D:3      | You fall through a shaft for 3 floors!
  2697 | D:6      | Noticed a phantom
  2723 | D:6      | Noticed Duvessa
  2727 | D:6      | Noticed Dowan
  2728 | D:6      | Noticed a black bear
  2744 | D:6      | Found an oddly glowing altar of Pakellas.
  2783 | D:6      | Noticed a giant frog
  2788 | D:6      | Found a glowing golden altar of the Shining One.
  2800 | D:5      | Entered Level 5 of the Dungeon
  3031 | D:5      | Reached skill level 3 in Short Blades
  3031 | D:5      | Reached skill level 1 in Armour
  3137 | D:4      | Noticed a phantom
  3217 | D:3      | Killed a phantom
  3217 | D:3      | Reached XP level 5. HP: 7/39 MP: 5/5
  3735 | D:4      | Got a tattered robe
  3765 | D:4      | Identified the cursed +0 robe of Slovenliness {rPois Dex+4} (You found it on level 4 of the Dungeon)
  3907 | D:4      | Noticed a phantom
  4060 | D:4      | Killed a phantom
  4060 | D:4      | Reached XP level 6. HP: 31/46 MP: 6/6
  4164 | D:4      | Found a deep blue altar of Sif Muna.
  4166 | D:4      | Found an iron altar of Okawaru.
  4633 | D:5      | Reached skill level 4 in Short Blades
  4998 | D:5      | Found a burning altar of Makhleb.
  5072 | D:5      | Reached XP level 7. HP: 51/51 MP: 7/7
  5220 | D:5      | Noticed Eustachio
  5673 | D:5      | Killed Eustachio
  6177 | D:6      | Killed Duvessa
  6220 | D:6      | Killed Dowan
  6476 | D:6      | Reached skill level 5 in Short Blades
  6476 | D:6      | Reached XP level 8. HP: 58/58 MP: 8/8
  6757 | D:6      | Found a snail-covered altar of Cheibriados.
  7162 | D:7      | Reached skill level 5 in Stealth
  7753 | D:7      | Reached skill level 5 in Dodging
  7937 | D:7      | Reached skill level 6 in Short Blades
  8017 | D:7      | Noticed Pikel
  8072 | D:7      | Killed Pikel
  8072 | D:7      | Gained mutation: You are mostly covered in icy blue scales (AC +3, EV -1). [demonic ancestry]
  8072 | D:7      | Reached XP level 9. HP: 26/65 MP: 9/9
  8552 | D:7      | Found a staircase to the Ecumenical Temple.
  8561 | Temple   | Entered the Ecumenical Temple
  8618 | Temple   | Became a worshipper of Dithmenos the Shadowed
  9982 | D:8      | Reached * piety under Dithmenos
 11194 | D:7      | Reached skill level 7 in Short Blades
 11461 | D:8      | Reached skill level 5 in Fighting
 12142 | D:8      | Reached XP level 10. HP: 74/74 MP: 10/10
 12387 | D:9      | Reached ** piety under Dithmenos
 12418 | D:9      | Noticed a hill giant
 12424 | D:9      | Killed a hill giant
 12794 | D:9      | Reached skill level 5 in Throwing
 12812 | D:9      | Noticed Denapoli's ghost (novice DDFi)
 12871 | D:8      | HP: 3/74 [killer bee (9)]
 13659 | D:10     | Entered Level 10 of the Dungeon
 13659 | D:10     | Found a portal to a secret trove of treasure.
 13673 | D:10     | Found Caschot's Magic Scroll Shop.
 13684 | D:10     | Bought a scroll of teleportation for 42 gold pieces
 13684 | D:10     | Bought a scroll of teleportation for 42 gold pieces
 14244 | D:10     | Reached skill level 8 in Short Blades
 14748 | D:10     | Reached skill level 5 in Armour
 15046 | D:10     | Noticed a hill giant
 15080 | D:10     | Killed a hill giant
 15401 | D:10     | Noticed a hill giant
 15403 | D:10     | Killed a hill giant
 15524 | D:11     | Found Quek's Assorted Antiques.
 15531 | D:11     | Bought a scroll labeled SIBESOVVEI for 27 gold pieces
 15623 | D:11     | Gained mutation: You have hoof-like feet. [demonic ancestry]
 15623 | D:11     | Reached XP level 11. HP: 77/81 MP: 11/11
 15632 | D:11     | Reached *** piety under Dithmenos
 15776 | D:11     | Noticed a purple ugly thing
 15780 | D:11     | Killed a purple ugly thing
 15781 | D:11     | Found Zaocsuq's General Store.
 15804 | D:11     | Noticed a hill giant
 15808 | D:11     | Found a staircase to the Lair.
 15863 | D:11     | Found Dogoteur's Armour Emporium.
 15971 | D:11     | Noticed a death knight
 15974 | D:11     | Noticed Urug
 16296 | D:11     | Noticed a purple ugly thing
 16851 | D:11     | Found a roughly hewn altar of Beogh.
 17414 | D:11     | Noticed a brown ugly thing
 17792 | D:11     | Noticed a seven-headed hydra
 18423 | D:10     | Killed a hill giant
 18423 | D:10     | Reached skill level 9 in Short Blades
 18849 | Lair:1   | Entered Level 1 of the Lair of Beasts
 18849 | Lair:1   | Noticed Fannar
 19552 | Lair:1   | Killed Fannar
 19695 | Lair:1   | HP: 2/83 [spiny frog (12)]
 19697 | Lair:1   | Slain by a spiny frog

Skill      XL: |  1  2  3  4  5  6  7  8  9 10 11 |
---------------+----------------------------------+-----
Short Blades   | 2 3 4 5 6 7 8 9 |  9.3
Dodging        | 1 2 3 4 5 6 8 |  8.7
Throwing       | 2 3 4 5 6 |  6.1
Armour         | 1 2 3 4 5 6 |  6.0
Stealth        | 4 5 6 7 |  7.5
Fighting       | 3 4 5 6 |  6.5

Action                   |  1- 3 |  4- 6 |  7- 9 | 10-12 || total
-------------------------+-------+-------+-------+-------++-------
Melee: Dagger            |    90 |   244 |   644 |   926 ||  1904
       Kick              |       |    83 |   264 |   393 ||   740
 Fire: Blowgun           |       |    23 |   119 |   128 ||   270
Throw: Throwing net      |       |       |     3 |     1 ||     4
Evoke: Wand              |       |       |     1 |     3 ||     4
  Use: Scroll            |       |     9 |     6 |    14 ||    29
       Potion            |       |     1 |     2 |     9 ||    12
 Stab: Sleeping          |    12 |    12 |     9 |    28 ||    61
       Distracted        |       |     2 |     5 |     5 ||    12
  Eat: Chunk             |     4 |     6 |    17 |    10 ||    37
       Pizza             |       |     1 |       |       ||     1
       Beef jerky        |       |     1 |       |       ||     1
       Meat ration       |       |       |     2 |     3 ||     5
       Royal jelly       |       |       |     1 |       ||     1
Armor: Robe              |    14 |    34 |   119 |   133 ||   300
Dodge: Dodged            |    25 |   126 |   386 |   625 ||  1162
